 Dungeon Crawl Stone Soup version 0.29.1-12-g30fa7ad0bf (webtiles) character file.

Game seed: 15950562415032198973

58 shoemetal68 the Chopper (level 3, 0/26 (27) HPs)
             Began as a Minotaur Gladiator on Dec 16, 2022.
             Slain by an ufetubus (1 damage)
             ... on level 3 of the Dungeon.
             The game lasted 00:11:27 (1319 turns).

shoemetal68 the Chopper (Minotaur Gladiator)        Turns: 1319, Time: 00:11:27

HP:   0/26 (27)     AC: 10    Str: 17 (18) XL:     3   Next: 75%
MP:   2/2           EV:  6    Int:  5      God:
Gold: 51            SH:  0    Dex: 13      Spells: 2/2 levels left

rFire   . . .      SeeInvis .   a - +0 war axe
rCold   + . .      Faith    .   (no shield)
rNeg    . . .      Spirit   .   h - +0 plate armour
rPois   .          Reflect  .   (helmet restricted)
rElec   .          Harm     .   (no cloak)
rCorr   .          Rampage  .   (no gloves)
Will    .....                   (no boots)
Stlth   ..........              (no amulet)
HPRegen 0.08/turn               (no ring)
MPRegen 0.08/turn               (no ring)

@: lightly drained
A: horns 2, retaliatory headbutt, cold resistance 1, deterioration 1, frail 1,
evolution 1
a: no special abilities


You were on level 3 of the Dungeon.
You visited 1 branch of the dungeon, and saw 3 of its levels.

You collected 51 gold pieces.

Inventory:

Hand Weapons
 a - a +0 war axe (weapon)
 o - a +0 short sword
Missiles
 d - 3 throwing nets (quivered)
 e - a javelin
 j - 4 poisoned darts
 k - 5 stones
Armour
 b - a +0 leather armour
 c - a +0 hat
 h - a +0 plate armour (worn)
Scrolls
 g - a scroll of identify
 l - a scroll of teleportation
 m - a scroll of noise {unknown}
 n - a scroll of magic mapping {unknown}
Potions
 f - 3 potions of brilliance
 i - a potion of curing
 p - 2 potions of resistance {unknown}


   Skills:
 + Level 2.6 Fighting
 + Level 4.5 Axes
 + Level 2.2 Throwing
 + Level 1.8 Armour
 + Level 3.8 Dodging


You had 2 spell levels left.
You didn't know any spells.
Your spell library was empty.

Dungeon Overview and Level Annotations

Branches:
Dungeon (3/15)

Altars:
Gozag
Wu Jian

Annotations:
D:3 sigtrap's ghost, amateur GnGl


Innate Abilities, Weirdness & Mutations

You have a pair of horns on your head.
You reflexively headbutt those who attack you in melee.
Your flesh is cold resistant. (rC+)
Your body sometimes deteriorates upon taking damage.
You are frail. (-10% HP)
You have hidden genetic potential.


Message History

You spin and attack the ufetubus.
You hit the ufetubus.
The ufetubus is lightly wounded.
The ufetubus hits you.
* * * LOW HITPOINT WARNING * * *
The ufetubus hits you but does no damage.
Sigtrap's ghost completely misses you.
The ufetubus hits you but does no damage. x2
Really renounce your faith, foregoing its fabulous benefits? [Y]es or [N]o only, please.
Really renounce your faith, foregoing its fabulous benefits?
Are you sure? [Y]es or [N]o only, please.
Are you sure? [Y]es or [N]o only, please.
Are you sure? [Y]es or [N]o only, please.
Are you sure?
You have lost your religion!
The Council does not appreciate desertion!
The ufetubus hits you but does no damage.
The ufetubus hits you.
* * * LOW HITPOINT WARNING * * *
Sigtrap's ghost hits you but does no damage.
The giant cockroach bites you.
* * * LOW HITPOINT WARNING * * *
Sigtrap's ghost hits you but does no damage.
The ufetubus hits you but does no damage. x2
The giant cockroach bites you but does no damage. x2
The ufetubus barely misses you.
The ufetubus hits you but does no damage.
The giant cockroach attacks as you move away!
The giant cockroach bites you but does no damage.
Found a potion of curing.
The ufetubus hits you but does no damage. x2
The giant cockroach attacks as you move away!
The giant cockroach bites you but does no damage.
The ufetubus attacks as you move away!
The ufetubus hits you but does no damage. x2
The ufetubus hits you.
You die...

...... ....##
.....#######$...#>
!...##.8∩8∩##...#
#...#.$.....#...#
#...#8..8..8#...#
#...#.$$_.$.#...##
###...##.$$..##.....
#..@...##')'##.)†...
###5B...............
#~≈≈~#
#W................
~≈≈~##
#.................
~≈≈~~#
#.................
~~≈≈~#
#.................
#~≈≈~##.#
#...............##
... #~≈≈~~#.#
#......).......## ..
#~~≈≈~#.#
#..............#


You could see sigtrap's ghost, an ufetubus and a giant cockroach.

Vanquished Creatures
  An adder (D:2)
  A worm (D:2)
  A dart slug (D:1)
  An orc (D:3)
  3 endoplasms (D:1)
  3 giant cockroaches
  6 goblins
  5 hobgoblins
  A jackal (D:3)
  3 kobolds
  2 quokkas (D:2)
  3 ball pythons
  3 bats
  3 frilled lizards
  3 rats
39 creatures vanquished.

Notes
Turn   | Place    | Note
-------+----------+-------------------------------------------
     0 | D:1      | shoemetal68 the Minotaur Gladiator began the quest for the
                  | Orb.
     0 | D:1      | Reached XP level 1. HP: 18/18 MP: 0/0
   138 | D:1      | Reached skill level 4 in Axes
   145 | D:1      | Reached XP level 2. HP: 15/25 MP: 1/1
   652 | D:2      | Found a faded altar of an unknown god.
   657 | D:2      | Prayed at the altar of an unknown god.
   657 | D:2      | Became a worshipper of the Wu Jian Council
   657 | D:2      | Reached * piety under Wu Jian
   740 | D:2      | Reached XP level 3. HP: 26/26 MP: 2/2
   760 | D:2      | Reached skill level 1 in Armour
  1014 | D:2      | Gained mutation: You are frail. (-10% HP) [potion of
                  | mutation]
  1014 | D:2      | Gained mutation: You have a pair of large horns on your
                  | head. [potion of mutation]
  1014 | D:2      | Gained mutation: You have sharp fingernails. [potion of
                  | mutation]
  1197 | D:2      | Lost mutation: You have sharp fingernails. [potion of
                  | mutation]
  1197 | D:2      | Lost mutation: You have a pair of large horns on your head.
                  | [potion of mutation]
  1197 | D:2      | Gained mutation: You have hidden genetic potential. [potion
                  | of mutation]
  1197 | D:2      | Gained mutation: Your body sometimes deteriorates upon
                  | taking damage. [potion of mutation]
  1197 | D:2      | Gained mutation: Your flesh is cold resistant. (rC+)
                  | [potion of mutation]
  1267 | D:3      | Found a runed translucent gate.
  1267 | D:3      | Found a runed translucent gate.
  1267 | D:3      | Found a runed translucent gate.
  1270 | D:3      | Found an opulent altar of Gozag.
  1273 | D:3      | Noticed sigtrap's ghost (amateur GnGl)
  1312 | D:3      | Fell from the grace of Wu Jian
  1313 | D:3      | HP: 1/26 [giant cockroach (1)]
  1319 | D:3      | Slain by an ufetubus

Illustrated notes

Levels and vault maps discovered:
D:1:      minmay_arrival_semitransparent, layout_loops_ring
D:2:      layout_loops_ring, hellmonk_ecumenical_altar_heavens_door
D:3:      wander_river, layout_basic, nicolae_overflow_hidden_temple,
          nicolae_dithmenos_the_darkroom, worldfamousw_hep_ancestral_shrine,
          ebering_ghost_gozag, uniq_natasha, uniq_grinder, uniq_terence

Skill      XL: |  1  2  3 |
---------------+----------+-----
Axes           | 4 |  4.5
Armour         | 1 |  1.8
Fighting       | |  2.6
Throwing       | |  2.2
Dodging        | |  3.8

Action                   || total
-------------------------++-------
Melee: War axe           ||    79
       Headbutt          ||     6
       Punch             ||     2
Throw: Throwing net      ||     1
Invok: Lunge             ||     3
       Whirlwind         ||    12
       Renounce Religion ||     1
  Use: Scroll            ||     3
       Potion            ||     4
Armor: Leather armour    ||    24
       Plate armour      ||    52
Dodge: Dodged            ||    58
